 Dungeon Crawl Stone Soup version 0.28-b1-1-g3c77fb2ed1 (webtiles) character file.

Game seed: 7120566872803617816

1137 cayde69 the Cudgeller (level 8, -3/78 HPs)
             Began as a Troll Fighter on Jan 28, 2022.
             Slain by an orc (6 damage)
             ... on level 5 of the Dungeon.
             The game lasted 00:31:54 (3631 turns).

cayde69 the Cudgeller (Troll Fighter)               Turns: 3631, Time: 00:32:02

Health: -3/78      AC:  6    Str: 27    XL:     8   Next: 14%
Magic:  7/7        EV:  9    Int:  4    God:
Gold:   143        SH:  8    Dex:  9    Spells: 7/7 levels left

rFire   . . .      SeeInvis .   y - +1 whip (flame)
rCold   + . .      Faith    .   c - +0 kite shield
rNeg    + . .      Spirit   .   u - +0 robe {rN+}
rPois   .          Reflect  .   (helmet restricted)
rElec   .          Harm     .   g - +1 cloak
rCorr   .          Rampage  .   (gloves unavailable)
Will    .....                   (boots unavailable)
Stlth   +.........              (no amulet)
HPRegen 1.03/turn               i - ring of protection from cold
MPRegen 0.10/turn               (no ring)

@: no status effects
A: large, unfitting armour, claws 3, regeneration 1, shaggy fur 1, tough skin 1
a: no special abilities


You were on level 5 of the Dungeon.
You visited 1 branch of the dungeon, and saw 5 of its levels.
You also visited: Ossuary.

You collected 143 gold pieces.

Inventory:

Hand Weapons
 a - a +0 flail
 f - a +0 spear
 l - a +0 spear
 t - a +1 short sword of venom
 w - a +0 trident
 y - a +1 whip of flaming (weapon)
 K - a +0 whip
Missiles
 j - 5 boomerangs (quivered)
 k - 56 arrows
 n - 40 stones
 v - 5 poisoned darts
Armour
 b - a +0 robe
 c - a +0 kite shield (worn)
 g - a +1 cloak (worn)
 o - a +0 plate armour
 r - a +0 ring mail
 s - a +0 pair of gloves
 u - a +0 robe of positive energy (worn)
 z - the +2 ring mail of Classification {rCorr Str+2}
   (You found it on level 4 of the Dungeon)

   Str:       It affects your strength (+2).
   rCorr:     It protects you from acid and corrosion.
Jewellery
 i - a ring of protection from cold (left claw)
Wands
 d - a wand of iceblast (1)
Scrolls
 e - 3 scrolls of teleportation {unknown}
 m - a scroll of silence {unknown}
 q - 3 scrolls of identify {unknown}
 A - a scroll of holy word {unknown}
Potions
 h - a potion of magic {unknown}
 p - a potion of mutation {unknown}
 B - a potion of invisibility {unknown}
 D - a potion of berserk rage {unknown}
 E - a potion of lignification
 G - a potion of heal wounds {unknown}
 H - a potion of attraction
 I - a potion of flight {unknown}
 J - a potion of cancellation


   Skills:
 + Level 4.3 Fighting
 - Level 3.5 Short Blades
 * Level 4.6 Maces & Flails
 + Level 3.6 Dodging
 + Level 0.4 Stealth
 + Level 4.2 Shields


You had 7 spell levels left.
You didn't know any spells.
Your spell library contained the following spells:

 Spells                   Type           Power      Damage    Failure   Level
 Hailstorm                Conj/Ice       0%         3d3       100%        4
 Ice Form                 Ice/Tmut       0%         N/A       100%        4
 Simulacrum               Ice/Necr       0%         N/A       100%        6


Dungeon Overview and Level Annotations

Branches:
Dungeon (5/15)            Ossuary (visited)
 Temple: D:4-7

Altars:
Ashenzari
Cheibriados
Gozag
Hepliaklqana
Nemelex Xobeh
Yredelemnul


Innate Abilities, Weirdness & Mutations

You are too large for most types of armour.
You have claws for hands.
Your natural rate of healing is unusually fast.
You are covered in fur. (AC +1)
You have tough skin. (AC +1)


Message History

An orc comes into view. It is wielding a +0 short sword.
You block the orc's attack.
You hit the orc. You burn the orc.
The orc is severely wounded.
The orc barely misses you. You block the orc's attack.
The orc barely misses you.
You closely miss the orc.
The orc priest invokes the aid of Beogh against you.
Beogh smites you!
* * * LOW HITPOINT WARNING * * *
You block the orc's attack. x2; The orc hits you but does no damage.
You are too injured to fight recklessly!
You are too injured to fight recklessly!
You are too injured to fight recklessly!
You are too injured to fight recklessly!
You are too injured to fight recklessly!
You are too injured to fight recklessly!
You are too injured to fight recklessly!
You are too injured to fight recklessly!
The orc hits you with a +0 short sword.
* * * LOW HITPOINT WARNING * * *
You block the orc's attack. The orc hits you with a +0 hand axe.
* * * LOW HITPOINT WARNING * * *
You block the orc's attack. The orc hits you with a +0 whip.
* * * LOW HITPOINT WARNING * * *
The orc closely misses you. The orc barely misses you.
The orc hits you with a +0 whip.
* * * LOW HITPOINT WARNING * * *
The orc hits you but does no damage.
A gnoll comes into view. It is wielding a +0 flail.
You block the orc's attack. The orc hits you but does no damage. x2
The orc hits you but does no damage. x2; The orc barely misses you.
A gnoll comes into view. It is wielding a +0 club.
The orc priest calls down the wrath of Beogh upon you.
Beogh smites you!
* * * LOW HITPOINT WARNING * * *
You block the orc's attack. The orc hits you with a +0 whip.
* * * LOW HITPOINT WARNING * * *
The orc hits you with a +0 hand axe.
You die...

..............o..o.o.o!..
#........############..
#.#...._...# #..
#.........## #..
#.........# #..
##.....#oo# #..
#.....#oo# #.. #.....#o##
### #.....#@# #.....oo#
#......o# #.....#.#
......#.# ..##.g#.# .
...#.# .....g#


You could see an orc priest, 2 gnolls and 7 orcs.

Vanquished Creatures
  Pikel (D:4)
  A lemure (D:4)
  A kobold brigand (D:4)
  A scorpion (D:2)
  3 water moccasin zombies (Ossuary)
  A wyvern skeleton (D:5)
  An iguana (D:5)
  5 orc wizards
  2 mummies (Ossuary)
  4 adders
  2 adder zombies (Ossuary)
  An adder skeleton (D:4)
  3 dart slugs
  23 orcs
  10 bats
  4 endoplasms
  2 giant cockroaches
  4 gnoll zombies (Ossuary)
  10 goblins
  10 hobgoblins
  3 jackals (D:3)
  15 kobolds
  A quokka (D:2)
  4 ball pythons
  4 frilled lizards
  6 hobgoblin zombies (Ossuary)
  10 kobold zombies (Ossuary)
  6 orc zombies (Ossuary)
  2 rats (D:2)
140 creatures vanquished.

Notes
Turn   | Place    | Note
-------+----------+-------------------------------------------
     0 | D:1      | cayde69 the Troll Fighter began the quest for the Orb.
     0 | D:1      | Reached XP level 1. HP: 22/22 MP: 0/0
   189 | D:1      | Reached XP level 2. HP: 29/29 MP: 1/1
   670 | D:1      | Reached XP level 3. HP: 36/36 MP: 2/2
  1422 | D:2      | Reached XP level 4. HP: 45/45 MP: 3/3
  1472 | D:2      | Noticed a scorpion
  1484 | D:2      | Killed a scorpion
  1528 | D:2      | Found a faded altar of an unknown god.
  1802 | D:3      | Reached XP level 5. HP: 52/53 MP: 4/4
  1835 | D:3      | Reached skill level 1 in Short Blades
  2163 | D:3      | Found a broken altar of Ashenzari.
  2164 | D:3      | Found a basalt altar of Yredelemnul.
  2186 | D:3      | Found a sparkling altar of Nemelex Xobeh.
  2186 | D:3      | Found an opulent altar of Gozag.
  2188 | D:3      | Found a snail-covered altar of Cheibriados.
  2580 | D:4      | Noticed a lemure
  2580 | D:4      | Noticed a lemure
  2581 | D:4      | Noticed Pikel
  2581 | D:4      | Noticed a lemure
  2582 | D:4      | Noticed a lemure
  2590 | D:4      | Killed a lemure
  2596 | D:4      | Killed Pikel
  2597 | D:4      | Reached XP level 6. HP: 14/62 MP: 5/5
  2597 | D:4      | Reached XP level 7. HP: 15/68 MP: 6/6
  2698 | D:4      | Identified the +2 ring mail of Classification {rCorr Str+2}
  2891 | D:4      | Found a sand-covered staircase.
  2906 | Ossuary  | Entered an ossuary
  3263 | D:5      | Entered Level 5 of the Dungeon
  3359 | D:5      | Reached XP level 8. HP: 55/78 MP: 7/7
  3485 | D:5      | Found a runed translucent door.
  3610 | D:5      | Found a hazy altar of Hepliaklqana.
  3631 | D:5      | HP: 3/78 [orc (4)]
  3631 | D:5      | Slain by an orc

Illustrated notes

Levels and vault maps discovered:
D:1:      elethiomel_arrival_shortcut, layout_basic, minivault_11, st_stairs_6
D:2:      layout_loops_corners, basic_ecumenical_altar, serial_park_tiny_1
D:3:      layout_loops_ring, nicolae_overflow_hidden_temple, serial_glass,
          glass_columns_b, glass_columns_c
D:4:      layout_loops_cross, enter_ossuary_1, uniq_pikel
D:5:      layout_basic, mainiacjoe_overflow_boulevard,
          minmay_temple_entry_gardened_gates, lightli_church_of_beogh

Skill      XL: |  1  2  3  4  5  6  7 |
---------------+----------------------+-----
Maces & Flails | 2 3 4 |  4.6
Shields        | 3 4 |  4.2
Fighting       | 3 4 |  4.3
Short Blades   | 3 |  3.5
Dodging        | 3 |  3.6
Stealth        | |  0.4

Action                   |  1- 3 |  4- 6 |  7- 9 || total
-------------------------+-------+-------+-------++-------
Melee: Flail             |   153 |    19 |       ||   172
       Short sword       |       |    79 |     7 ||    86
       Whip              |       |       |   236 ||   236
  Use: Potion            |       |     1 |     9 ||    10
Armor: Robe              |    67 |    41 |   109 ||   217
Dodge: Dodged            |    63 |    48 |   109 ||   220
Block: Kite shield       |    64 |    34 |   106 ||   204
